 Dungeon Crawl Stone Soup version 0.21.0-3-g78d12a8 (webtiles) character file.

27304 Gorglomux the Nimble (level 13, -6/87 HPs)
             Began as a Kobold Berserker on Jan 13, 2018.
             Was a High Priest of Trog.
             Killed from afar by a lindwurm (37 damage)
             ... with a blast of flame
             ... on level 4 of the Lair of Beasts.
             The game lasted 00:31:25 (15156 turns).

Gorglomux the Nimble (Kobold Berserker)            Turns: 15156, Time: 00:31:25

Health: -6/87      AC:  8    Str: 19    XL:     13   Next: 64%
Magic:  0/5        EV: 23    Int:  9    God:    Trog [*****.]
Gold:   627        SH:  0    Dex: 14    Spells: 12/12 levels left

rFire    . . .     SeeInvis .   a - +2 short sword (antimagic)
rCold    . . .     Gourm    .   (shield restricted)
rNeg     . . .     Faith    .   L - +1 troll leather armour
rPois    .         Spirit   +   N - +0 helmet of Weov Oji {rElec rCorr}
rElec    +         Reflect  .   Z - scarf {Spirit}
rCorr    +         Harm     .   (no gloves)
MR       +....                  (no boots)
Stlth    +++.......             (no amulet)
HPRegen  0.64/turn              m - ring of protection from magic
MPRegen  0.09/turn              G - ring "Miamuic" {rElec Stlth+}

@: lethally poisoned (-6 -> -7), berserk cooldown, slowed, very slow
A: small, carnivore
a: Berserk, Trog's Hand, Brothers in Arms, Burn Spellbooks, Renounce Religion


You were on level 4 of the Lair of Beasts.
You worshipped Trog.
Trog was extremely pleased with you.
You were very full.

You visited 2 branches of the dungeon, and saw 15 of its levels.
You also visited: Ossuary and Bailey.

You collected 1295 gold pieces.
You spent 668 gold pieces at shops.

Inventory:

Hand Weapons
 a - a +2 antimagic short sword (weapon)
 b - a +1 dagger of electrocution
 n - a +0 short sword
 w - a +6 blowgun
 D - a +2 whip of electrocution
 O - a +0 rapier
Missiles
 E - 8 curare-tipped needles
Armour
 s - a +0 scale mail
 L - a +1 troll leather armour (worn)
 N - the +0 helmet of Weov Oji (worn) {rElec rCorr}
   (You found it on level 6 of the Dungeon)

   It insulates you from electricity.
   It protects you from acid and corrosion.
 Y - the +4 shield of Hadjma {*Corrode Int+8 Dex+2}
   (You bought it in a shop on level 5 of the Dungeon)

   It affects your intelligence (+8).
   It affects your dexterity (+2).
   It may corrode you when you take damage.
 Z - a scarf of spirit shield (worn)
Jewellery
 m - a ring of protection from magic (left hand)
 x - an uncursed ring of stealth
 G - the ring "Miamuic" (right hand) {rElec Stlth+}
   (You took it off an orc sorcerer on level 8 of the Dungeon)

   [ring of stealth]

   It insulates you from electricity.
   It makes you more stealthy.
Wands
 v - a wand of flame (27)
 A - a wand of acid (3)
 P - a wand of paralysis (8)
 U - a wand of disintegration (20)
Scrolls
 h - 3 scrolls of enchant weapon
 l - 5 scrolls of remove curse
 B - a scroll of blinking
 J - 5 scrolls of enchant armour
 M - a scroll of magic mapping
 R - 3 scrolls of identify
 T - 2 scrolls of teleportation
Potions
 g - 2 potions of lignification
 j - 5 potions of brilliance
 q - a potion of agility
 u - 3 potions of magic
 z - 4 potions of mutation
 C - 4 potions of heal wounds
 F - 5 potions of might
 H - 2 potions of flight
 I - 2 potions of haste
 K - 2 potions of cancellation {unknown}
 Q - 8 potions of curing
 S - a potion of invisibility {unknown}
Books
 W - a book of Maledictions

   Spells                             Type                      Level
   a - Corona                         Hexes                        1
   b - Ensorcelled Hibernation        Hexes/Ice                    2
   c - Confuse                        Hexes                        3
   d - Tukima's Dance                 Hexes                        3
   e - Dazzling Spray                 Conjuration/Hexes            3
   Trog disapproves of the use of such an item.
Miscellaneous
 V - a phantom mirror
 X - a phial of floods (inert)
Comestibles
 c - 26 rations


   Skills:
 + Level 12.5 Fighting
 - Level 12.0 Short Blades
 + Level 9.7 Armour
 + Level 13.3 Dodging
 - Level 3.9 Stealth
 - Level 1.0 Shields
 - Level 6.0 Evocations


You had 12 spell levels left.
You didn't know any spells.

Dungeon Overview and Level Annotations

Branches:
Dungeon (11/15)            Temple (0/1) D:6            Lair (4/6) D:11
  Swamp (0/4) Lair:4       Spider (0/4) Lair:3          Orc (0/2) D:9

Altars:
Dithmenos
Fedhas
Okawaru
Qazlal
Ru
Trog
Vehumet
Xom
The Shining One

Shops:
D:5 [   D:7 [   D:8 *   D:9 [


Innate Abilities, Weirdness & Mutations

You are small and have problems with some larger weapons.
You are carnivorous and can eat meat at any time.


Message History

Press: ? - help, Shift-Dir - straight line, f/p - lindwurm
Aim: a butt (chance to defeat MR: 47%)
The lindwurm resists with some effort!
You feel sick! The lindwurm breathes flames at you!
The blast of flame hits you!!! * * * don't die
* * * The lindwurm misses you!
The lindwurm claws you! * * * don'butt die
* * * The lindwurm claws you! * * * don't die
* * * You feel much better!
You feel sick! The lindwurm misses you! The lindwurm claws you!
The lindwurm closely misses you!
Evoke which item? (* to butt all) (? for menu, Esc to quit)
Aiming: Paralyse
Press: ? - help, Shift-Dir - straight line, butt/p - lindwurm
Aim: a butt (catching its breath, chance to butt MR: 47%)
The lindwurm resists with some effort!
You feel sick! The lindwurm breathes flames at you!
The blast of flame hits you!!! rip

####### ##......≈≈≈≈≈.##..♣§§§§§≈
#..##.###..###........##..≈♣§§≈♣≈
.......###.#####...........≈♣≈≈≈♣
......####.##.##..#..P#.###.♣≈≈.♣
........##..##......P###.##♣♣≈.##
..............%...P...#### ♣♣..##
...............#..#..## ##..÷..
......##...###.#[....### #....P#
......##...# #.#@....)P#####....P
......####.# #.#.k...............
......# #.###.#%...........<...÷
......####.P#..#†.........%....P♣
PPPPP..........#..#..#....#.##.♣♣
♣♣♣PP..........P...#..#.........♣
♣PP...........................♣
♣PP.....##.............##..♣.♣♣
PPP..#.....##.#..###...#####♣.


You could see a lindwurm.

Vanquished Creatures
  Kirke (Lair:3)
  Snorg (Lair:4)
  2 hydras
  A two-headed ogre (D:8)
  Sonja (Lair:4)
  2 unseen horrors (D:11)
  2 wizards (D:8)
  Pikel (D:7)
  2 orc sorcerers (D:8)
  A manticore (D:11)
  5 black mambas
  Joseph (D:7)
  5 spiny frogs
  3 komodo dragons
  A rime drake (Lair:4)
  2 trolls
  A polar bear (Lair:3)
  2 hornets
  8 hippogriffs
  8 blink frogs
  A vampire (D:11)
  2 wyverns
  7 yaks
  Sigmund (D:6)
  2 basilisks
  Grum (D:10)
  7 hogs
  A human (D:7)
  Edmund (D:5)
  4 water moccasins
  8 porcupines
  5 orc warriors (D:9)
  A sky beast (D:7)
  4 slaves (D:7)
  3 ice beasts
  7 ogres
  A black bear (D:7)
  A phantom (D:10)
  10 wolves
  3 centaurs
  3 crocodiles
  A big kobold (D:10)
  11 bullfrogs
  5 scorpions
  2 electric eels (Lair:4)
  A howler monkey (D:4)
  A crimson imp (D:11)
  A bullfrog zombie (D:9)
  A centaur skeleton (D:10)
  2 jellies
  12 orc priests
  10 orc wizards
  6 hounds
  Jessica (D:3)
  Ijyb (D:3)
  Terence (D:2)
  2 iguanas
  10 worker ants
  A big kobold zombie (Ossuary)
  A hound zombie (D:6)
  A hound skeleton (D:10)
  9 mummies
  A worker ant zombie (D:5)
  4 gnolls (D:3)
  7 adders
  4 shadow imps
  An ooze (D:5)
  An adder skeleton (D:7)
  5 worms
  8 leopard geckos
  42 orcs
  A ball python (D:5)
  7 giant cockroaches
  10 goblins
  4 hobgoblins
  15 jackals
  14 kobolds
  A quokka (D:11)
  2 bats
  6 frilled lizards
  3 hobgoblin zombies (Ossuary)
  A jackal zombie (D:5)
  A kobold zombie (Ossuary)
  A leopard gecko skeleton (D:9)
  3 orc zombies (Ossuary)
  2 quokka skeletons
  3 rats
350 creatures vanquished.

Vanquished Creatures (collateral kills)
  A spiny frog (Lair:2)
  4 yaks (Lair:2)
  A porcupine (Lair:2)
6 creatures vanquished.

Vanquished Creatures (others)
  A human (Lair:4)
  A bullfrog (Lair:4)
  4 fungi
  A plant (Lair:4)
  14 toadstools (Lair:4)
21 creatures vanquished.

Grand Total: 377 creatures vanquished

Notes
Turn   | Place    | Note
-------+----------+-------------------------------------------
     0 | D:1      | Gorglomux the Kobold Berserker began the quest for the Orb.
     0 | D:1      | Reached XP level 1. HP: 14/14 MP: 1/1
    81 | D:1      | Reached skill level 1 in Stealth
   443 | D:1      | Reached XP level 2. HP: 19/19 MP: 2/2
   766 | D:1      | Reached skill level 3 in Stealth
   848 | D:1      | Reached XP level 3. HP: 23/23 MP: 3/3
  1261 | D:2      | Reached XP level 4. HP: 28/28 MP: 4/4
  1353 | D:2      | Found a radiant altar of Vehumet.
  1354 | D:2      | Noticed Terence
  1376 | D:2      | Killed Terence
  1376 | D:2      | Reached ** piety under Trog
  1376 | D:2      | Reached skill level 3 in Dodging
  1604 | D:2      | Found a bloodstained altar of Trog.
  1726 | D:3      | Noticed Jessica
  1729 | D:3      | Killed Jessica
  1729 | D:3      | Reached XP level 5. HP: 27/33 MP: 5/5
  1835 | D:3      | Found a sacrificial altar of Ru.
  2052 | D:3      | Reached XP level 6. HP: 30/38 MP: 6/6
  2082 | D:3      | Noticed Ijyb
  2111 | D:3      | Killed Ijyb
  2239 | D:3      | Reached skill level 4 in Dodging
  2908 | D:4      | Found a stormy altar of Qazlal.
  2910 | D:4      | Found a blossoming altar of Fedhas.
  2926 | D:4      | Reached XP level 7. HP: 44/44 MP: 7/7
  3021 | D:4      | Found a glowing golden altar of the Shining One.
  3035 | D:4      | Reached skill level 3 in Armour
  3047 | D:4      | Found a shimmering altar of Xom.
  3185 | D:4      | Reached skill level 6 in Short Blades
  3357 | D:4      | Found an iron altar of Okawaru.
  3414 | D:4      | Found a shadowy altar of Dithmenos.
  4091 | D:5      | Entered Level 5 of the Dungeon
  4103 | D:5      | Reached skill level 5 in Dodging
  4252 | D:5      | Reached XP level 8. HP: 23/49 MP: 6/8
  4743 | D:5      | Found Raluonga's Antique Armour Boutique.
  4750 | D:5      | Bought a fine shield for 199 gold pieces
  4755 | D:5      | Identified the +4 shield of Hadjma {*Corrode Int+8 Dex+2} (You bought it in a shop on level 5 of the Dungeon)
  4883 | D:5      | Noticed Edmund
  5083 | D:5      | Killed Edmund
  5454 | D:6      | Reached skill level 1 in Shields
  5491 | D:6      | Reached *** piety under Trog
  5500 | D:6      | Found a staircase to the Ecumenical Temple.
  5760 | D:6      | Got a blackened helmet
  5771 | D:6      | Identified the +0 helmet of Weov Oji {rElec rCorr} (You found it on level 6 of the Dungeon)
  5858 | D:6      | Reached skill level 6 in Fighting
  5893 | D:6      | Noticed Sigmund
  5920 | D:6      | Killed Sigmund
  5920 | D:6      | Reached skill level 6 in Dodging
  5994 | D:6      | Reached XP level 9. HP: 54/56 MP: 9/9
  6352 | D:7      | Found a sand-covered staircase.
  6359 | Ossuary  | Entered an ossuary
  6416 | Ossuary  | Reached skill level 7 in Dodging
  7067 | D:7      | Noticed a troll
  7082 | D:7      | Killed a troll
  7171 | D:7      | Reached **** piety under Trog
  7214 | D:7      | Noticed Joseph
  7230 | D:7      | Killed Joseph
  7451 | D:7      | Reached skill level 9 in Short Blades
  7547 | D:7      | Found Pokloxed's Antique Armour Boutique.
  7593 | D:7      | Noticed Pikel
  7614 | D:7      | Reached XP level 10. HP: 64/64 MP: 8/10
  7630 | D:7      | Reached skill level 8 in Dodging
  7707 | D:7      | Killed Pikel
  7787 | D:7      | Reached skill level 6 in Armour
  7898 | D:8      | Found Joiff's General Store.
  7905 | D:8      | Bought a potion of haste for 140 gold pieces
  7905 | D:8      | Bought a scroll of enchant weapon for 105 gold pieces
  7905 | D:8      | Bought 2 potions of mutation for 224 gold pieces
  7915 | D:8      | Found a flagged portal.
  7927 | Bailey   | Entered a bailey
  8037 | D:8      | Noticed a wizard
  8038 | D:8      | Noticed an orc sorcerer
  8039 | D:8      | Noticed a wizard
  8045 | D:8      | Noticed an orc sorcerer
  8064 | D:8      | Killed an orc sorcerer
  8068 | D:8      | Killed a wizard
  8068 | D:8      | Reached skill level 9 in Dodging
  8144 | D:8      | Noticed a two-headed ogre
  8264 | D:8      | Killed an orc sorcerer
  8264 | D:8      | Reached skill level 9 in Fighting
  8266 | D:8      | Got a scintillating golden ring
  8371 | D:8      | Killed a wizard
  8371 | D:8      | Reached XP level 11. HP: 71/71 MP: 3/11
  8524 | D:8      | Killed a two-headed ogre
  8671 | D:9      | Found Qoffan's Antique Armour Shop.
  8780 | D:9      | Reached skill level 10 in Dodging
  9183 | D:9      | Found a staircase to the Orcish Mines.
  9358 | D:10     | Entered Level 10 of the Dungeon
  9389 | D:10     | Noticed Grum
  9440 | D:10     | Killed Grum
  9976 | D:11     | Killed an unseen horror
 10108 | D:11     | Identified the ring "Miamuic" {rElec Stlth+} (You took it off an orc sorcerer on level 8 of the Dungeon)
 10154 | D:11     | Found a staircase to the Lair.
 10157 | D:11     | Noticed a manticore
 10164 | D:11     | Killed a manticore
 10164 | D:11     | Reached skill level 12 in Short Blades
 10270 | D:11     | Reached XP level 12. HP: 70/78 MP: 4/12
 10340 | D:11     | Received a gift from Trog
 10443 | D:11     | Reached skill level 1 in Evocations
 10586 | D:11     | Killed an unseen horror
 10586 | D:11     | Reached skill level 11 in Dodging
 10853 | Lair:1   | Entered Level 1 of the Lair of Beasts
 10998 | Lair:1   | Reached skill level 3 in Evocations
 11612 | Lair:2   | Noticed a five-headed hydra
 11631 | Lair:2   | Killed a five-headed hydra
 12061 | Lair:2   | Reached skill level 12 in Dodging
 13029 | Lair:3   | Noticed a six-headed hydra
 13047 | Lair:3   | Killed a six-headed hydra
 13047 | Lair:3   | Reached ***** piety under Trog
 13047 | Lair:3   | Reached XP level 13. HP: 84/84 MP: 17/17
 13112 | Lair:3   | Reached skill level 6 in Evocations
 13137 | Lair:3   | Found a hole to the Spider Nest.
 13160 | Lair:3   | Paralysed by a hornet for 1 turns
 13324 | Lair:3   | Reached skill level 9 in Armour
 14227 | Lair:4   | Noticed Kirke
 14411 | Lair:3   | Reached skill level 12 in Fighting
 14547 | Lair:3   | Killed Kirke
 14589 | Lair:4   | Reached skill level 13 in Dodging
 14649 | Lair:4   | Found a staircase to the Swamp.
 15033 | Lair:4   | Noticed Snorg
 15051 | Lair:4   | Killed Snorg
 15060 | Lair:4   | Noticed Sonja
 15062 | Lair:4   | Killed Sonja
 15154 | Lair:4   | HP: 3/87 [lindwurm (2)]
 15154 | Lair:4   | HP: 1/87 [lindwurm (2)]
 15156 | Lair:4   | Killed from afar by a lindwurm

Skill      XL: |  1  2  3  4  5  6  7  8  9 10 11 12 13 |
---------------+----------------------------------------+-----
Stealth        | 2 3 |  3.9
Armour         | 2 3 4 5 6 7 8 9 |  9.7
Dodging        | 3 4 5 6 7 9 10 12 13 | 13.3
Fighting       | 4 5 6 7 9 10 11 12 | 12.5
Short Blades   | 5 6 7 9 10 12 | 12.0
Shields        | 1 |  1.0
Evocations     | 5 6 |  6.0

Action                   |  1- 3 |  4- 6 |  7- 9 | 10-12 | 13-15 || total
-------------------------+-------+-------+-------+-------+-------++-------
Melee: Short sword       |    63 |    58 |   237 |   454 |    30 ||   842
       Whip              |       |    59 |   255 |    20 |       ||   334
       Dagger            |       |       |       |   427 |   222 ||   649
Invok: Berserk           |     5 |     3 |    10 |    11 |     7 ||    36
       Trog's Hand       |       |     1 |     5 |    12 |     3 ||    21
Evoke: Wand              |       |       |     3 |     6 |    18 ||    27
       Phial of floods   |       |       |       |     1 |     1 ||     2
  Use: Scroll            |       |     1 |     9 |     7 |     1 ||    18
       Potion            |       |       |     4 |       |     2 ||     6
 Stab: Sleeping          |     3 |     3 |     4 |    22 |     4 ||    36
       Distracted        |       |       |       |     3 |       ||     3
       Paralysed         |       |       |       |       |     1 ||     1
  Eat: Chunk             |    13 |     8 |    28 |    31 |    14 ||    94
Armor: Leather armour    |    13 |     1 |       |       |       ||    14
       Scale mail        |       |    27 |   110 |       |       ||   137
       Skin              |       |       |    14 |       |       ||    14
       Troll leather arm |       |       |     5 |    96 |    25 ||   126
Dodge: Dodged            |    44 |    61 |   322 |   590 |   173 ||  1190
